 Dungeon Crawl Stone Soup version 0.17.1-1-g73c8601 (webtiles) character file.

66 PossumBlood the Chopper (level 4, -4/35 HPs)
             Began as a Formicid Fighter on Jan 7, 2016.
             Slain by PossumBlood's ghost (11 damage)
             ... on level 3 of the Dungeon.
             The game lasted 00:03:33 (1945 turns).

PossumBlood the Chopper (Formicid Fighter)          Turns: 1945, Time: 00:03:33

Health: -4/35      AC:  6    Str: 27    XL:     4   Next: 37%
Magic:  4/4        EV:  8    Int:  7    God:
Gold:   135        SH: 10    Dex: 10    Spells: 0 memorised, 3 levels left

rFire  . . .     SeeInvis +     a - +0 war axe
rCold  . . .     Clarity  .     b - +0 scale mail
rNeg   . . .     SustAt   .     c - +0 shield
rPois  .         Gourm    .     (helmet unavailable)
rElec  .         Spirit   .     (no cloak)
rCorr  .         Warding  .     (no gloves)
rMut   +         Stasis   +     (no boots)
MR     .....                    m - amulet of resist mutation
Stlth  ..........               (no ring)
                                (no ring)

@: mighty, not resistant to hostile enchantments, extremely unstealthy
A: permanent stasis, dig shafts and tunnels, four strong arms, antennae 3
a: Dig, Shaft Self


You were on level 3 of the Dungeon.
You were not hungry.

You visited 1 branch of the dungeon, and saw 3 of its levels.

You collected 135 gold pieces.

Inventory:

Hand Weapons
 a - a +0 war axe (weapon)
Armour
 b - a +0 scale mail (worn)
 c - a +0 shield (worn)
Jewellery
 m - an amulet of resist mutation (around neck)
 t - an uncursed ring of magical power {unknown}
Scrolls
 g - 4 scrolls of identify {unknown}
 h - a scroll of random uselessness {unknown}
 r - a scroll of amnesia {unknown}
 s - a scroll of remove curse {unknown}
Potions
 e - a potion of mutation {unknown}
 i - a potion of flight {unknown}
 j - a potion of curing {unknown}
 l - 2 potions of brilliance {unknown}
 p - a potion of cancellation {unknown}
 u - a potion of degeneration {unknown}
Comestibles
 f - a royal jelly
 k - a beef jerky
 n - a slice of pizza
 o - 3 meat rations
 q - 3 bread rations


   Skills:
 - Level 3.2 Fighting
 * Level 4.3 Axes
 - Level 3.2 Armour
 - Level 3.6 Shields


You had 3 spell levels left.
You didn't know any spells.

Dungeon Overview and Level Annotations

Branches:
Dungeon (3/15)

Altars:
Trog

Annotations:
D:3 PossumBlood's ghost, novice FoFi


Innate Abilities, Weirdness & Mutations

You are under a permanent stasis effect.
You can dig through walls and to a lower floor.
Your four strong arms can wield two-handed weapons with a shield.
You have a pair of large antennae on your head (SInv).


Message History

You slice PossumBlood's ghost!!
PossumBlood's ghost is moderately damaged.
You block PossumBlood's ghost's attack. PossumBlood's ghost hits you.
You slash PossumBlood's ghost!
PossumBlood's ghost is heavily damaged.
PossumBlood's ghost ripples.
PossumBlood's ghost hits you.
You hit PossumBlood's ghost but do no damage.
PossumBlood's ghost is heavily damaged.
PossumBlood's ghost closely misses you.
You slash PossumBlood's ghost!
PossumBlood's ghost is severely damaged.
PossumBlood's ghost whispers, "Trust me.
Just give in."
PossumBlood's ghost hits you!
* * * LOW HITPOINT WARNING * * *
PossumBlood's ghost barely misses you.
You hit PossumBlood's ghost.
PossumBlood's ghost is almost destroyed.
PossumBlood's ghost hits you!
You die...

#........# #.#####
#........######+#.####
#........#........†..#
####+#'###........##.#
#...# ........##.##
#...# ........##...
#####...###........#####
..)$......+.........
#####.#@..#........#
#.#W..#........# #.#...#
#.#...# #...# #...#
#.#.# .....


You could see PossumBlood's ghost.

Vanquished Creatures
  An adder (D:2)
  2 oozes
  A worm (D:3)
  An orc (D:2)
  2 ball pythons
  2 giant cockroaches
  8 goblins
  3 hobgoblins
  13 jackals
  A quokka (D:2)
  A giant newt (D:2)
  6 kobolds
  3 rats
44 creatures vanquished.

Notes
Turn   | Place    | Note
--------------------------------------------------------------
     0 | D:1      | PossumBlood the Formicid Fighter began the quest for the Orb.
     0 | D:1      | Reached XP level 1. HP: 18/18 MP: 1/1
   148 | D:1      | Reached XP level 2. HP: 24/24 MP: 2/2
   590 | D:1      | Reached XP level 3. HP: 14/29 MP: 3/3
  1620 | D:2      | Reached XP level 4. HP: 35/35 MP: 4/4
  1623 | D:2      | Reached skill level 4 in Axes
  1677 | D:2      | Found a bloodstained altar of Trog.
  1932 | D:3      | Noticed PossumBlood's ghost (novice FoFi)
  1945 | D:3      | Slain by PossumBlood's ghost

Action                   |  1- 3 |  4- 6 || total
-------------------------+-------+-------++-------
Melee: War axe           |    80 |    35 ||   115
  Use: Potion            |       |     1 ||     1
  Eat: Bread ration      |     1 |       ||     1
